 Dungeon Crawl Stone Soup version 0.30-a0-58-gc0703345a7 (webtiles) character file.

Game seed: 9658245063853551891

232146 freelancePsychic the Warrior (level 18, 166/166 HPs)
             Began as a Demigod Conjurer on Aug 26, 2022.
             Quit the game on level 2 of the Elven Halls on Sept 12, 2022.
             The game lasted 02:04:07 (59690 turns).

freelancePsychic the Warrior (Demigod Conjurer)    Turns: 59690, Time: 02:04:08

Health: 166/166    AC: 14    Str: 12    XL:     18   Next: 46%
Magic:  44/44      EV: 20    Int: 40    God:
Gold:   1677       SH: 18    Dex: 20    Spells: 4/34 levels left

rFire   + . .      SeeInvis +    m - +6 rapier "Boonloig" {vorpal, rPois rN+ Int+4 Dex+4}
rCold   + + .      Faith    .    L - +5 kite shield {rC+}
rNeg    + . .      Spirit   .    h - +0 steam dragon scales
rPois   +          Reflect  .    k - +1 helmet
rElec   .          Harm     .    S - +2 cloak
rCorr   .          Rampage  .    y - +0 pair of gloves
Will    +....                    f - +0 pair of boots
Stlth   +++.......               K - amulet of magic regeneration
HPRegen 0.37/turn                j - ring of Xifus {Wiz MP+9 SInv}
MPRegen 0.69/turn                t - ring "Ytuliod" {rF+ rC+}

@: studying Necromancy
A: high MP 1, forlorn, divine attributes
a: no special abilities


You were on level 2 of the Elven Halls.
You visited 5 branches of the dungeon, and saw 29 of its levels.
You also visited: Bailey and Ice Cave.

You collected 3709 gold pieces.
You spent 2032 gold pieces at shops.

Inventory:

Hand Weapons
 m - the +6 rapier "Boonloig" (weapon) {vorpal, rPois rN+ Int+4 Dex+4}
   (You found it on level 2 of the Lair of Beasts)

   It inflicts extra damage upon your enemies.
   Int:       It affects your intelligence (+4).
   Dex:       It affects your dexterity (+4).
   rPois:     It protects you from poison.
   rN:        It protects you from negative energy.
 x - a +0 dagger
Missiles
 l - a throwing net
Armour
 f - a +0 pair of boots (worn)
 h - +0 steam dragon scales (worn)
 k - a +1 helmet (worn)
 v - the +4 ring mail "Lackimi" {rN++}
   (You found it on level 12 of the Dungeon)

   rN:        It greatly protects you from negative energy.
 y - a +0 pair of gloves (worn)
 L - a +5 kite shield of cold resistance (worn)
 S - a +2 cloak (worn)
Jewellery
 j - the ring of Xifus (left hand) {Wiz MP+9 SInv}
   (You found it on level 3 of the Snake Pit)

   [ring of wizardry]

   It improves your spell success rate.
   MP:        It affects your magic capacity (+9).
   SInv:      It lets you see invisible.
 q - the ring "Tuitud" {Fly rN++ Str-3 Int+6}
   (You found it on level 3 of the Dungeon)

   [ring of flight]

   Str:       It affects your strength (-3).
   Int:       It affects your intelligence (+6).
   rN:        It greatly protects you from negative energy.
   Fly:       It grants you flight.
 t - the ring "Ytuliod" (right hand) {rF+ rC+}
   (You acquired it on level 15 of the Dungeon)

   [ring of protection from cold]

   rF:        It protects you from fire.
   rC:        It protects you from cold.
 K - an amulet of magic regeneration (around neck)
 M - a ring of ice
 R - a +4 ring of evasion
 V - a ring of flight
 Z - a ring of fire
Wands
 w - a wand of quicksilver (22)
 C - a wand of paralysis (1)
 I - a wand of mindburst (6)
 O - a wand of digging (2)
 T - a wand of flame (17)
 X - a wand of roots (8)
Scrolls
 c - 2 scrolls of silence
 e - 9 scrolls of butterflies
 g - 11 scrolls of vulnerability
 o - 7 scrolls of enchant weapon
 z - a scroll of teleportation {@r4}
 D - a scroll of amnesia
 F - a scroll of acquirement
 N - 3 scrolls of identify {@r1}
 P - 3 scrolls of poison
 Q - 2 scrolls of blinking
 Y - 2 scrolls of magic mapping
Potions
 a - 2 potions of lignification
 b - 3 potions of magic
 d - 15 potions of curing {@q1}
 i - 7 potions of haste {@q3}
 n - 6 potions of brilliance
 p - 3 potions of might
 r - 5 potions of degeneration
 s - 10 potions of attraction
 u - a potion of heal wounds {@q2}
 A - 4 potions of berserk rage
 B - 2 potions of invisibility
 G - 6 potions of cancellation
 H - 4 potions of mutation
 J - a potion of flight
 U - 4 potions of ambrosia
Miscellaneous
 E - a tin of tremorstones (2/2)
 W - a phantom mirror


   Skills:
 + Level 15.9 Fighting
 - Level 2.0 Short Blades
 - Level 6.4 Armour
 + Level 12.2 Dodging
 - Level 2.8 Stealth
 - Level 12.0 Shields
 + Level 8.5 Spellcasting
 - Level 9.9 Conjurations
 - Level 6.6 Hexes
 + Level 9.3 Summonings
 - Level 11.1 Necromancy
 + Level 8.2 Translocations
 - Level 7.6 Earth Magic
 - Level 7.8 Poison Magic


You had 4 spell levels left.
You knew the following spells:

 Your Spells              Type           Power      Damage    Failure   Level
a - Borgnjor's Vile Clut  Necr/Erth      37%        N/A       1%          5
b - Animate Dead          Necr           82%        N/A       1%          4
c - Summon Mana Viper     Hex/Summ       69%        N/A       1%          5
d - Olgreb's Toxic Radia  Pois           69%        N/A       1%          4
e - Poisonous Vapours     Pois/Air       96%        N/A       1%          2
f - Iskenderun's Mystic   Conj/Tloc      74%        2d15      1%          4
g - Death Channel         Necr           41%        N/A       2%          6

Your spell library contained the following spells:

 Spells                   Type           Power      Damage    Failure   Level
 Apportation              Tloc           100%       N/A       1%          1
 Freeze                   Ice            68%        1d8       1%          1
 Magic Dart               Conj           100%       1d8       1%          1
 Necrotise                Necr           100%       1d9       1%          1
 Sandblast                Erth           100%       2d20      1%          1
 Sting                    Tmut/Pois      100%       1d8       1%          1
 Summon Small Mammal      Summ           100%       N/A       1%          1
 Blink                    Tloc           100%       N/A       1%          2
 Ensorcelled Hibernation  Hex/Ice        86%        N/A       1%          2
 Passwall                 Tmut/Erth      39%        N/A       1%          2
 Searing Ray              Conj           100%       2d8       1%          2
 Dazzling Flash           Conj/Hex       100%       N/A       1%          3
 Lesser Beckoning         Tloc           70%        N/A       1%          3
 Spider Form              Tmut/Pois      48%        N/A       1%          3
 Stone Arrow              Conj/Erth      100%       3d13      1%          3
 Vampiric Draining        Necr           82%        2d11      1%          3
 Anguish                  Hex/Necr       36%        N/A       1%          4
 Animate Armour           Summ/Erth      100%       N/A       1%          4
 Corpse Rot               Necr/Pois/Air  61%        N/A       1%          4
 Fulminant Prism          Conj/Hex       35%        3d18      1%          4
 Hailstorm                Conj/Ice       54%        3d12      2%          4
 Summon Ice Beast         Ice/Summ       53%        N/A       2%          4
 Frozen Ramparts          Ice            34%        1d6       5%          3
 Agony                    Necr           82%        N/A       1%          5
 Manifold Assault         Tloc           70%        N/A       1%          5
 Alistair's Intoxication  Tmut/Pois      32%        N/A       10%         5
 Monstrous Menagerie      Summ           37%        N/A       30%         7
 Starburst                Conj/Fire      27%        6d9       32%         6
 Malign Gateway           Summ/Tloc      36%        N/A       36%         7
 Lehudib's Crystal Spear  Conj/Erth      36%        10d9      95%         8
 Polar Vortex             Ice            8%         N/A       100%        9


Dungeon Overview and Level Annotations

Branches:
Dungeon (15/15)            Temple (0/1) D:5            Lair (5/5) D:8
 Shoals (0/4) Lair:3        Snake (4/4) Lair:3        Slime (0/5) Lair:4
    Orc (2/2) D:11            Elf (3/3) Orc:2        Vaults (0/5) D:13
 Depths (0/4) D:15         Bailey (visited)           IceCv (visited)

Shops:
D:7 (   Orc:2 *([!   Elf:2 [   Snake:3 ?*

Portals:
Trove: D:12 (give 6 scrolls of blinking)

Annotations:
D:2 1 runed translucent door, Crazy Yiuf
D:3 1 runed translucent door, AGayBaby's ghost, weakling DEFE
Elf:2 3 runed translucent doors


Innate Abilities, Weirdness & Mutations

You have an increased reservoir of magic. (+10% MP)
You shall have no god before yourself.
Your divine heritage dramatically boosts your attributes as you level up.


Message History

The fire elemental hits your butterfly.
Your butterfly dies!
Your butterfly disappears in a burst of colours!
The deep elf blademaster hits your butterfly with a +0 rapier!
Your butterfly dies!
Your butterfly disappears in a burst of colours!
Your unholy channel is weakening.
The deep elf knight hits your butterfly with a +0 rapier.
Your butterfly dies!
Your butterfly disappears in a burst of colours!
The fire elemental misses something.
The deep elf knight unwields a +0 rapier.
The deep elf knight wields a +0 shortbow.
The deep elf knight shoots an arrow.
You block the arrow.
There is a stone staircase leading up here.
The deep elf knight shoots an arrow.
You block the arrow.
You climb upwards.
Your summoned allies are left behind.
Level annotation: 3 runed translucent doors
There is a stone staircase leading down here.
You start resting.
Your unholy channel expires.
You start resting.
Magic restored.
You start resting.
HP restored.
Casting: Borgnjor's Vile Clutch (mildly dangerous; 1% risk of failure)
Confirm with . or Enter, or press ? or * to list all spells.
Okay, then.
Level annotation: 3 runed translucent doors Welcome back, freelancePsychic the Demigod Conjurer.
Press ? for a list of commands and other information.
Level annotation: 3 runed translucent doors Welcome back, freelancePsychic the Demigod Conjurer.
Press ? for a list of commands and other information.
Level annotation: 3 runed translucent doors Welcome back, freelancePsychic the Demigod Conjurer.
Press ? for a list of commands and other information.
Cast which spell? (? or * to list)
Okay, then.
Are you sure you want to abandon this character and quit the game? (Confirm with "yes".)

................................>
###'######)#########'############
.....>...........................
.................................
#................................
#......############..#######'##..
#......#..........#..#........#..
####...#..........#..#........#..
.# #...#.......[@.#..#........#..
## #...#......)...#..#........'..
.###...#.......)..#..#........#..
#......#..........#..#........#..
#......#..[.......#..#........#..
#......'..).....).'..#........#..
.......###'########..##########..
...........[.................=...
...........[.................)...


There were no monsters in sight!

Vanquished Creatures
  Saint Roka (Elf:2)
  2 deep elf master archers (Elf:3)
  A nagaraja (Snake:3)
  3 deep elf sorcerers (Elf:3)
  2 deep elf elementalists (Elf:3)
  A reaper (IceCv)
  5 deep elf demonologists
  Azrael (D:15)
  2 deep elf annihilators (Elf:3)
  4 deep elf death magi (Elf:3)
  An ettin (Orc:1)
  Josephine (Lair:3)
  2 deep elf high priests
  4 boulder beetles
  7 hydras
  A vault guard (D:13)
  5 naga warriors
  6 two-headed ogres
  2 death yaks (Lair:1)
  6 anacondas
  6 centaur warriors
  14 dancing weapons
  2 naga sharpshooters (Snake:3)
  4 sun demons (D:13)
  Sonja (Lair:4)
  8 salamander mystics
  7 deep elf knights
  2 fire crabs (Lair:1)
  5 skeletal warriors
  A sea snake (shapeshifter) (D:15)
  An anaconda zombie (Snake:3)
  7 naga ritualists
  A necromancer (D:15)
  12 deep elf archers
  22 deep elf pyromancers
  An orc knight (Orc:1)
  12 mana vipers
  20 deep elf zephyrmancers
  2 orc sorcerers
  6 ugly things
  16 salamanders
  5 elephants
  2 cyclopes
  A manticore (D:12)
  31 black mambas
  2 merfolk sirens (Lair:3)
  4 guardian serpents
  5 naga magi
  13 cane toads
  A nameless horror (Lair:3)
  An unseen horror (D:12)
  3 torpor snails
  9 komodo dragons
  A kobold demonologist (D:10)
  An efreet (D:15)
  3 rime drakes
  A freezing wraith (IceCv)
  A troll (shapeshifter) (Elf:2)
  5 slime creatures
  3 polar bears
  3 hornets
  5 trolls
  21 blink frogs
  A raiju (Lair:5)
  5 dream sheep
  A dream sheep (shapeshifter) (Elf:2)
  9 wyverns
  A dire elephant simulacrum (IceCv)
  39 yaks
  2 shadows
  A vampire (D:14)
  A spriggan skeleton (D:15)
  6 water elementals
  4 fire elementals
  2 air elementals (Elf:1)
  5 wraiths
  A basilisk (Lair:5)
  3 death yak simulacra (IceCv)
  A redback (Lair:5)
  Menkaure (D:6)
  18 nagas
  2 steam dragons
  4 vampire mosquitoes
  A harpy simulacrum (IceCv)
  An acid dragon (D:12)
  19 water moccasins
  2 wargs
  15 hell hounds
  33 orc warriors
  8 black bears
  2 sky beasts
  26 wolves
  5 ogres
  A tengu (shapeshifter) (D:14)
  31 centaurs
  A phantom (D:4)
  7 kobold brigands
  12 bullfrogs
  2 gnoll sergeants (D:13)
  A naga zombie (Snake:3)
  2 earth elementals (Elf:2)
  7 two-headed ogre simulacra (IceCv)
  4 scorpions
  5 cane toad simulacra (IceCv)
  24 wights
  3 elephant simulacra (IceCv)
  2 howler monkeys (D:8)
  14 electric eels
  3 lava snakes (D:14)
  18 orc priests
  5 hounds
  A gnoll bouda (D:7)
  5 jellies
  Natasha (D:1)
  2 iguanas (D:6)
  28 orc wizards
  A polar bear simulacrum (IceCv)
  A troll simulacrum (IceCv)
  A wolf simulacrum (IceCv)
  9 spriggan simulacra (IceCv)
  7 adders
  8 gnolls
  7 naga simulacra (IceCv)
  6 white imps
  8 ufetubi (IceCv)
  4 worms
  4 dart slugs
  75 orcs
  6 ball pythons
  A bat (D:2)
  2 endoplasms
  A giant cockroach (D:3)
  6 goblins
  5 hobgoblins
  2 jackals (D:3)
  2 quokkas
  3 frilled lizards
  32 kobolds
  11 rats
928 creatures vanquished.

Vanquished Creatures (collateral kills)
  A deep elf blademaster (Elf:3)
  A deep elf sorcerer (Elf:3)
  2 deep elf annihilators (Elf:3)
  A deep elf death mage (Elf:3)
  2 boulder beetles
  A salamander tyrant (Snake:2)
  6 naga warriors
  3 anacondas
  A two-headed ogre (D:12)
  3 dancing weapons
  A deep elf knight (Elf:2)
  3 naga sharpshooters (Snake:3)
  5 shock serpents
  4 salamander mystics (Snake:2)
  A flayed ghost (D:15)
  A sea snake (Snake:4)
  A deep elf archer (Elf:1)
  6 deep elf pyromancers
  3 orc knights (Orc:2)
  2 deep elf zephyrmancers (Elf:1)
  5 mana vipers
  A wolf spider (Lair:5)
  2 cyclopes
  2 ugly things (D:14)
  A frost giant zombie (D:15)
  2 manticores
  5 salamanders
  A moth of wrath (shapeshifter) (Elf:1)
  13 black mambas
  2 guardian serpents
  A stone giant skeleton (D:15)
  7 naga magi
  A molten gargoyle (D:14)
  4 cane toads
  A komodo dragon (shapeshifter) (D:15)
  An efreet (D:14)
  7 polar bears (Lair:5)
  An ettin zombie (D:15)
  An air elemental (Elf:2)
  4 yaks
  A wraith (D:12)
  5 wyverns (Lair:5)
  A fire elemental (Elf:3)
  A redback (Lair:5)
  4 wargs (Lair:5)
  8 water moccasins (Lair:5)
  8 nagas
  3 hell hounds (Lair:5)
  14 orc warriors (Orc:2)
  5 black bears (Lair:5)
  3 centaurs (Orc:2)
  3 wolves (Lair:5)
  2 orc priests (D:12)
  An orc wizard (Orc:2)
  An orc (Orc:2)
170 creatures vanquished.

Vanquished Creatures (others)
  A deep elf knight (Elf:2)
  2 large abominations (D:13)
  2 deep elf pyromancers (Elf:1)
  A deep elf zephyrmancer (Elf:3)
  A shock serpent zombie (Snake:1)
  4 mana viper zombies
  3 guardian serpent zombies
  4 black mamba zombies
  A water elemental (Elf:2)
  18 elf zombies
  A salamander zombie (Snake:4)
  2 small abominations (D:13)
  4 naga zombies
  48 fulminant prisms
  54 fungi
  82 plants
  4 withered plants
232 creatures vanquished.

Grand Total: 1330 creatures vanquished

Notes
Turn   | Place    | Note
-------+----------+-------------------------------------------
     0 | D:1      | freelancePsychic the Demigod Conjurer began the quest for
                  | the Orb.
     0 | D:1      | Reached XP level 1. HP: 14/14 MP: 5/5
   386 | D:1      | Reached XP level 2. HP: 18/22 MP: 0/7
   485 | D:1      | Learned a level 2 spell: Searing Ray
  1538 | D:2      | Reached XP level 3. HP: 27/27 MP: 0/8
  1584 | D:2      | Reached skill level 1 in Fighting
  1716 | D:2      | Noticed Natasha
  1776 | D:1      | Killed Natasha
  1954 | D:2      | Reached XP level 4. HP: 35/35 MP: 1/9
  2126 | D:2      | Found a runed translucent door.
  2127 | D:2      | Noticed Crazy Yiuf
  2996 | D:3      | Identified the ring "Tuitud" {Fly rN++ Str-3 Int+6}
  3035 | D:3      | Found a runed translucent door.
  3035 | D:3      | Noticed AGayBaby's ghost (weakling DEFE)
  3463 | D:3      | Learned a level 4 spell: Olgreb's Toxic Radiance
  3518 | D:4      | Reached XP level 5. HP: 41/41 MP: 2/11
  3632 | D:4      | Reached skill level 2 in Fighting
  3632 | D:4      | Reached skill level 1 in Poison Magic
  4189 | D:4      | Reached XP level 6. HP: 50/50 MP: 6/13
  4614 | D:4      | Learned a level 2 spell: Poisonous Vapours
  4651 | D:5      | Entered Level 5 of the Dungeon
  4668 | D:5      | Reached skill level 3 in Fighting
  4708 | D:5      | Noticed a water moccasin
  4713 | D:5      | Killed a water moccasin
  4789 | D:5      | Reached XP level 7. HP: 57/57 MP: 10/15
  5002 | D:4      | Reached skill level 4 in Fighting
  5250 | D:5      | Found a staircase to the Ecumenical Temple.
  5544 | D:5      | Got Sif Muna's Tome of the Quarry
  6151 | D:6      | Reached skill level 5 in Fighting
  6151 | D:6      | Reached XP level 8. HP: 68/68 MP: 11/17
  6542 | D:6      | Reached skill level 5 in Poison Magic
  6814 | D:6      | Noticed Menkaure
  6819 | D:6      | Killed Menkaure
  7540 | D:7      | Found a flagged portal.
  7546 | D:7      | Reached skill level 5 in Spellcasting
  7594 | Bailey   | Entered a bailey
  7610 | Bailey   | Reached skill level 6 in Fighting
  7618 | Bailey   | Reached skill level 1 in Armour
  8222 | Bailey   | Reached XP level 9. HP: 77/77 MP: 13/20
  8771 | Bailey   | Reached skill level 7 in Fighting
  9416 | Bailey   | Reached skill level 8 in Fighting
  9416 | Bailey   | Reached XP level 10. HP: 90/90 MP: 20/24
  9422 | Bailey   | Learned a level 4 spell: Iskenderun's Mystic Blast
  9532 | D:7      | Found Eleaven's Antique Weapon Shoppe.
 10536 | D:8      | Noticed a two-headed ogre
 11102 | D:8      | Reached skill level 9 in Fighting
 11587 | D:8      | Killed a two-headed ogre
 11588 | D:8      | Reached XP level 11. HP: 91/97 MP: 4/25
 11999 | D:8      | Reached skill level 5 in Translocations
 12060 | D:8      | Noticed a two-headed ogre
 12066 | D:8      | Found a staircase to the Lair.
 12481 | D:8      | Killed a two-headed ogre
 13210 | D:9      | Noticed a boulder beetle
 14230 | D:9      | Killed a boulder beetle
 14476 | D:9      | Identified the +7 chain mail of Leapfrog {Regen+}
 14590 | D:10     | Entered Level 10 of the Dungeon
 15995 | D:10     | Reached skill level 10 in Fighting
 17193 | D:11     | Found a staircase to the Orcish Mines.
 17441 | Orc:1    | Entered Level 1 of the Orcish Mines
 17570 | Orc:1    | Noticed an ettin
 17579 | Orc:1    | Noticed a two-headed ogre
 17580 | Orc:1    | Killed an ettin
 17582 | Orc:1    | Reached XP level 12. HP: 91/107 MP: 17/26
 17587 | Orc:1    | Killed a two-headed ogre
 17781 | Orc:1    | Reached skill level 1 in Hexes
 18015 | Orc:1    | Learned a level 4 spell: Fulminant Prism
 18426 | Orc:2    | Entered Level 2 of the Orcish Mines
 19028 | Orc:2    | Noticed a two-headed ogre
 19034 | Orc:2    | Killed a two-headed ogre
 19804 | Orc:2    | Noticed a centaur warrior
 20152 | D:12     | Found a frozen archway.
 20162 | IceCv    | Entered an ice cave
 20165 | IceCv    | Reached skill level 5 in Armour
 20970 | IceCv    | Reached skill level 11 in Fighting
 21319 | IceCv    | Noticed a reaper
 21323 | IceCv    | Killed a reaper
 21970 | D:12     | Reached skill level 1 in Shields
 22399 | D:12     | Noticed a two-headed ogre
 22409 | D:12     | Killed a two-headed ogre
 23260 | Lair:1   | Entered Level 1 of the Lair of Beasts
 24736 | Lair:1   | Reached skill level 5 in Shields
 24736 | Lair:1   | Reached XP level 13. HP: 116/116 MP: 11/27
 25597 | Lair:1   | Found the +2 cloak of the Thief {*Fog Slay-2 SInv Stlth+}
 25600 | Lair:1   | Reached skill level 1 in Summonings
 25641 | Lair:1   | Identified the +6 shortbow of the Reaper {flame, *Slow
                  | rPois Dex+2 SInv}
 25764 | Lair:1   | Learned a level 5 spell: Summon Mana Viper
 26155 | Lair:2   | Identified the +6 rapier "Boonloig" {vorpal, rPois rN+
                  | Int+4 Dex+4}
 27060 | Lair:2   | Identified the +11 dagger of Egev {speed, rN+ Int+2}
 27591 | Lair:3   | Found a staircase to the Snake Pit.
 27724 | Lair:3   | Reached skill level 12 in Fighting
 28287 | Lair:3   | Reached skill level 10 in Shields
 28730 | Lair:3   | Noticed Josephine
 28739 | Lair:3   | Killed Josephine
 29103 | Lair:3   | Found a staircase to the Shoals.
 29558 | Lair:4   | Found a staircase to the Slime Pits.
 29741 | Lair:4   | Noticed Sonja
 29745 | Lair:4   | Killed Sonja
 30487 | Lair:5   | Entered Level 5 of the Lair of Beasts
 30576 | Lair:5   | Reached XP level 14. HP: 127/127 MP: 4/28
 30597 | Lair:5   | Reached skill level 5 in Summonings
 31492 | Lair:5   | Reached skill level 5 in Hexes
 32358 | Lair:5   | Reached skill level 13 in Fighting
 32781 | Lair:5   | Identified the +3 ring mail "Zoip" {rCorr}
 34138 | Lair:5   | Upgraded the game from 0.30-a0-23-ge60ba3568b to
                  | 0.30-a0-29-g142975f185
 35216 | Orc:2    | Found a staircase to the Elven Halls.
 35814 | Orc:2    | Found Hafow's Armour Shop.
 35814 | Orc:2    | Found Fetz's Antique Weapon Emporium.
 35816 | Orc:2    | Found Ilazots's General Store.
 35818 | Orc:2    | Found Toicosul's Distillery.
 35825 | Orc:2    | Bought a scroll of fear for 56 gold pieces
 35825 | Orc:2    | Bought a scroll of magic mapping for 105 gold pieces
 35825 | Orc:2    | Bought a scroll of butterflies for 56 gold pieces
 35830 | Orc:2    | Bought a potion of might for 60 gold pieces
 35830 | Orc:2    | Bought a potion of brilliance for 60 gold pieces
 35830 | Orc:2    | Bought a potion of ambrosia for 120 gold pieces
 35830 | Orc:2    | Bought 2 potions of curing for 90 gold pieces
 35830 | Orc:2    | Bought a potion of curing for 45 gold pieces
 35830 | Orc:2    | Bought a potion of ambrosia for 120 gold pieces
 35830 | Orc:2    | Bought a potion of curing for 45 gold pieces
 36008 | Elf:1    | Entered Level 1 of the Elven Halls
 36014 | Elf:1    | Paralysed by an air elemental for 1 turns
 36016 | Elf:1    | Reached skill level 5 in Dodging
 36018 | Elf:1    | Paralysed by an air elemental for 1 turns
 36546 | Elf:1    | Paralysed by an air elemental for 1 turns
 36548 | Elf:1    | Paralysed by an air elemental for 1 turns
 37990 | D:12     | Reached XP level 15. HP: 133/136 MP: 30/30
 38102 | D:12     | Found a portal to a secret trove of treasure.
 38382 | D:12     | Identified the +4 ring mail "Lackimi" {rN++}
 40245 | D:13     | Found a gate to the Vaults.
 40491 | D:13     | Reached skill level 14 in Fighting
 40698 | D:13     | Reached XP level 16. HP: 146/146 MP: 21/31
 40705 | D:13     | Learned a level 5 spell: Borgnjor's Vile Clutch
 41824 | D:14     | Reached skill level 5 in Necromancy
 43221 | D:15     | Entered Level 15 of the Dungeon
 43609 | D:15     | Found a staircase to the Depths.
 43985 | D:15     | Noticed Azrael
 44259 | D:15     | Killed Azrael
 44869 | D:15     | Identified a scroll of acquirement
 44869 | D:15     | Acquired the ring "Ytuliod" {rF+ rC+}
 45112 | Snake:1  | Entered Level 1 of the Snake Pit
 45219 | Snake:1  | Got the Discourse on the Energetic Snowflakes
 45410 | Snake:1  | Learned a level 4 spell: Animate Dead
 45447 | Snake:1  | Reached skill level 5 in Earth Magic
 46529 | Snake:1  | You are sucked into a shaft and drop 1 floor!
 49443 | Snake:2  | Reached XP level 17. HP: 114/154 MP: 2/32
 50994 | Snake:3  | Identified the ring of Xifus {Wiz MP+9 SInv}
 51440 | Snake:3  | Reached skill level 15 in Fighting
 51441 | Snake:3  | Reached skill level 10 in Dodging
 51595 | Snake:3  | Found Ruhakhluu's General Store.
 51599 | Snake:3  | Found Hoid's Magic Scroll Shoppe.
 51605 | Snake:3  | Bought a scroll of acquirement for 624 gold pieces
 51605 | Snake:3  | Bought a scroll of blinking for 90 gold pieces
 51605 | Snake:3  | Bought a scroll of summoning for 114 gold pieces
 51605 | Snake:3  | Bought a scroll of teleportation for 36 gold pieces
 51754 | Snake:3  | Reached skill level 10 in Necromancy
 53020 | Snake:4  | Entered Level 4 of the Snake Pit
 53290 | Snake:3  | Bought a scroll of amnesia for 48 gold pieces
 53298 | Snake:3  | Learned a level 6 spell: Death Channel
 54711 | Elf:1    | Noticed a Brimstone Fiend
 55057 | Elf:1    | Got the Catalogue of the Gathering
 55712 | Elf:2    | Paralysed by an air elemental for 1 turns
 55714 | Elf:2    | Paralysed by an air elemental for 1 turns
 55844 | Elf:2    | Found Zielei Fysa's Antique Armour Boutique.
 55853 | Elf:2    | Bought a pitted ring mail for 198 gold pieces
 55853 | Elf:2    | Identified the +0 ring mail "Vicsuduf" {Int+4} (You bought
                  | it in a shop on level 2 of the Elven Halls)
 55855 | Elf:2    | Bought a runed cloak for 165 gold pieces
 56163 | Elf:2    | Found a runed translucent gate.
 56163 | Elf:2    | Found a runed translucent gate.
 56164 | Elf:2    | Found a runed translucent gate.
 57213 | Elf:2    | Noticed Saint Roka
 57226 | Elf:2    | Killed Saint Roka
 57227 | Elf:2    | Reached XP level 18. HP: 83/163 MP: 30/34
 57842 | Elf:3    | Entered Level 3 of the Elven Halls
 58057 | Elf:3    | Reached skill level 1 in Short Blades
 59008 | Elf:3    | Identified the +5 dagger "Atzesysaoz" {venom, Will++}
 59010 | Elf:3    | Noticed a Hell Sentinel
 59018 | Elf:3    | Identified the +5 leather armour "Boatom Husu" {Stlth+}
 59036 | Elf:3    | Identified the +7 dire flail "Surhip" {vorpal, rF+ Str+3}
 59036 | Elf:3    | Identified the amulet "Peah" {Reflect rF+++ SH+5}
 59338 | Elf:3    | Noticed a Tzitzimitl
 59690 | Elf:2    | Upgraded the game from 0.30-a0-29-g142975f185 to
                  | 0.30-a0-58-gc0703345a7
 59690 | Elf:2    | Quit the game

Illustrated notes

Levels and vault maps discovered:
D:1:      evilmike_arrival_crescent, layout_basic
D:2:      layout_rooms, uniq_crazy_yiuf_cottage, uniq_natasha
D:3:      layout_basic, gammafunk_ghost_grave, serial_corexii_hall,
          chequers_hall_statues_y, corexii_hall_statues_t,
          shapermc_ecumenical_altar_gd
D:4:      layout_basic
D:5:      layout_rooms, nicolae_wu_jian_immortal_techniques,
          nzn_overflow_gifts_of_might_and_magic, minmay_temple_entry_grid
D:6:      layout_basic, uniq_menkaure
D:7:      layout_basic, serial_shops, shop, enter_bailey_5
D:8:      layout_loops_ring, lemuel_doored_altar,
          eat_drink_and_be_merry_uskayaw, mainiacjoe_overflow_six_doors_small,
          erik_lair_island, st_stairs_6
D:9:      layout_rooms, hangedman_decor_push
D:10:     layout_basic
D:11:     layout_loops_cross
D:12:     layout_basic, enter_trove_6, portal_ice_cave_entry_pillars_2,
          minmay_statues_item
D:13:     dreamdust_black_sun_cult, layout_loops_corners, david_vaults_5,
          dk_noncrumbling_2
D:14:     layout_basic, okawaru_gym_becter
D:15:     gammafunk_depths_entry_grave, layout_gridville, minivault_14,
          uniq_azrael
Lair:1:   layout_cave_pods, nicolae_lair_lakeside_cave
Lair:2:   layout_chaotic_city, nicolae_quartered_pool_little, st_stairs_11,
          grunt_megastairs_5
Lair:3:   layout_concentric_octagons, elwin_shoals_entry_rooms,
          dummy_snake_entry, uniq_josephine
Lair:4:   layout_cave_pods, dpeg_slime_entry_enclosed, serial_bayou,
          serial_bayou_lake_a, serial_bayou_pond_c, serial_bayou_shore_b,
          serial_bayou_pond_c, lemuel_fruit_fields, uniq_sonja
Lair:5:   hangedman_lair_tendril_chambers, layout_loops_ring,
          hangedman_lair_caniforms_friends, grunt_forest_small_clearing_treed
Snake:1:  layout_honeycomb, basic_altar
Snake:2:  cheibrodos_snake_lava_hold, layout_rooms, grunt_megastairs_2,
          serial_bayou_shore_b
Snake:3:  layout_layer_cave, minmay_shoptagon
Snake:4:  grunt_snake_rune_pools, layout_cave_town, grunt_megastairs_3,
          minmay_shop_grove, lemuel_fruit_tree
Orc:1:    layout_caves, basic_altar
Orc:2:    st_orc_rangers, layout_caves
Elf:1:    eino_elf_arrival_the_gate, layout_loops_ring, minmay_elf_demonology
Elf:2:    nicolae_elf_blades_splatter_lattice [nicolae_blade_bullseye],
          layout_onion_city, serial_shops, nicolae_shop_hallway_stairs,
          minivault_24, uniq_saint_roka
Elf:3:    elf_hall, layout_rooms, basic_altar, grunt_megastairs_4

Skill      XL: |  1  2  3  4  5  6  7  8  9 10 11 12 13 14 15 16 17 18 |
---------------+-------------------------------------------------------+-----
Stealth        | 2 |  2.8
Spellcasting   | 2 3 4 5 6 7 8 |  8.5
Conjurations   | 4 6 7 8 9 |  9.9
Fighting       | 1 2 3 5 6 8 9 10 11 12 13 14 15 | 15.9
Poison Magic   | 2 3 4 6 7 |  7.8
Armour         | 2 4 5 6 |  6.4
Translocations | 4 6 7 8 |  8.2
Dodging        | 4 5 6 9 11 12 | 12.2
Hexes          | 4 6 |  6.6
Shields        | 5 11 12 | 12.0
Summonings     | 4 7 8 9 |  9.3
Necromancy     | 4 9 11 | 11.1
Earth Magic    | 3 6 7 |  7.6
Short Blades   | 2 |  2.0

Action                   |  1- 3 |  4- 6 |  7- 9 | 10-12 | 13-15 | 16-18 || total
-------------------------+-------+-------+-------+-------+-------+-------++-------
Melee: Dagger            |    25 |    28 |       |       |       |       ||    53
       Punch             |     1 |       |     1 |       |       |       ||     2
       Whip              |       |     4 |    37 |   150 |       |       ||   191
       Staff             |       |       |       |    13 |    24 |       ||    37
       Rapier            |       |       |       |       |   430 |   443 ||   873
 Cast: Magic Dart        |    18 |       |       |       |       |       ||    18
       Searing Ray       |    15 |    28 |    29 |    11 |     3 |       ||    86
       Poisonous Vapours |       |       |    17 |     1 |     1 |       ||    19
       Olgreb's Toxic Ra |       |       |    40 |   102 |   139 |    26 ||   307
       Iskenderun's Myst |       |       |       |   185 |   126 |    10 ||   321
       Fulminant Prism   |       |       |       |    22 |    21 |     5 ||    48
       Summon Mana Viper |       |       |       |       |    71 |    85 ||   156
       Borgnjor's Vile C |       |       |       |       |       |   286 ||   286
       Animate Dead      |       |       |       |       |       |    10 ||    10
       Death Channel     |       |       |       |       |       |     7 ||     7
Evoke: Wand              |       |     1 |       |     1 |     5 |     1 ||     8
       Tin of tremorston |       |       |       |     2 |     2 |       ||     4
  Use: Scroll            |     5 |     7 |     1 |    15 |    14 |    18 ||    60
       Potion            |     1 |       |     1 |     7 |    12 |     5 ||    26
 Stab: Sleeping          |     2 |     2 |       |       |     3 |     4 ||    11
       Distracted        |       |       |       |       |     3 |     9 ||    12
       Invisible         |       |       |       |       |     1 |       ||     1
Armor: Ring mail         |    12 |    18 |    32 |   133 |       |   104 ||   299
       Robe              |     3 |       |       |       |       |       ||     3
       Leather armour    |       |       |     5 |    15 |       |       ||    20
       Steam dragon scal |       |       |       |       |   184 |    83 ||   267
Dodge: Dodged            |    19 |    20 |    65 |   247 |   508 |   362 ||  1221
Block: Kite shield       |       |       |       |    13 |   741 |   677 ||  1431

Table legend: (Time is in decaauts)
 A = Elapsed time spent in this place.
 B = Non-inter-level travel time spent in this place.
 C = Inter-level travel time spent in this place.
 D = Time resting spent in this place.
 E = Time spent auto-exploring this place.
 F = Levels seen in this place.
 G = Mean time per level.
                   A        B        C        D        E       F      G
               +--------+--------+--------+--------+--------+-----+--------+
         Total |  60181 |  57186 |   2995 |   8762 |  39518 |  31 | 1941.3 |
       Dungeon |  25668 |  24005 |   1663 |   4051 |  16808 |  15 | 1711.2 |
          Lair |  11268 |  10459 |    809 |   1268 |   7499 |   5 | 2253.6 |
     Snake Pit |   9044 |   8748 |    296 |    632 |   6732 |   4 | 2261.0 |
  Orcish Mines |   3962 |   3780 |    182 |   1427 |   1713 |   2 | 1981.0 |
   Elven Halls |   6520 |   6476 |     44 |   1099 |   4175 |   3 | 2173.3 |
        Bailey |   1921 |   1921 |      0 |    152 |   1380 |   1 | 1921.0 |
      Ice Cave |   1796 |   1796 |      0 |    133 |   1210 |   1 | 1796.0 |
               +--------+--------+--------+--------+--------+-----+--------+

Top non-repeatable levels by time:
  Lair:5: 3820 daAuts
 Snake:2: 3817 daAuts
     D:8: 3178 daAuts
   Elf:1: 2897 daAuts
 Snake:3: 2896 daAuts
    D:11: 2800 daAuts
  Lair:1: 2487 daAuts
    D:13: 2356 daAuts
   Elf:2: 2191 daAuts
   Orc:1: 2162 daAuts
    D:10: 2097 daAuts
  Lair:2: 1989 daAuts
    D:14: 1962 daAuts
  Bailey: 1921 daAuts
 Snake:1: 1914 daAuts
